 Dungeon Crawl Stone Soup version 0.21-a0-576-ge8bd8812df (webtiles) character file.

2 Banto the Magician (level 1, 0/14 HPs)
             Began as a Demigod Wanderer on Dec 18, 2017.
             Slain by a hobgoblin
             ... wielding a +0 club
              (4 damage)
             ... on level 1 of the Dungeon.
             The game lasted 00:00:15 (149 turns).

Banto the Magician (Demigod Wanderer)                Turns: 149, Time: 00:00:15

Health: 0/14       AC:  2    Str: 15    XL:     1   Next: 26%
Magic:  7/7        EV: 11    Int: 15    God:
Gold:   39         SH:  0    Dex: 16    Spells: 7/7 levels left

rFire    . . .     SeeInvis .   e - +0 dagger
rCold    . . .     Gourm    .   (no shield)
rNeg     . . .     Faith    .   d - +0 robe
rPois    .         Spirit   .   (no helmet)
rElec    .         Reflect  .   (no cloak)
rCorr    .         Harm     .   (no gloves)
MR       .....                  (no boots)
Stlth    ++........             (no amulet)
HPRegen  0.04/turn              (no ring)
MPRegen  0.10/turn              (no ring)

@: no status effects
A: high mp 1
a: no special abilities


You were on level 1 of the Dungeon.
You were not hungry.

You visited 1 branch of the dungeon, and saw 1 of its levels.

You collected 39 gold pieces.

Inventory:

Hand Weapons
 e - a +0 dagger (weapon)
Armour
 d - a +0 robe (worn)
Scrolls
 g - a scroll of enchant weapon {unknown}
 h - a scroll of remove curse {unknown}
Potions
 c - a potion of curing
Books
 b - the Tome of Dislocation

   Spells                             Type                      Level
   a - Apportation                    Translocation                1
   b - Gell's Gravitas                Translocation                3
Miscellaneous
 a - a phial of floods
Comestibles
 f - 2 rations
 i - a chunk of flesh


   Skills:
 + Level 0.1 Dodging
 + Level 0.2 Stealth
   Level 1.0 Shields
 + Level 3.6 Spellcasting
   Level 1.0 Summonings
   Level 2.6 Poison Magic
 + Level 1.0 Evocations


You had 7 spell levels left.
You didn't know any spells.

Dungeon Overview and Level Annotations

Branches:
Dungeon (1/15)


Innate Abilities, Weirdness & Mutations

You have an increased reservoir of magic. (+10% MP)


Message History

You are too injured to fight recklessly!
The bat hits you but does no damage.
You hit the bat.
You kill the bat!
You see here a bat corpse.
You butcher the bat corpse.
i - a chunk of flesh A hobgoblin comes into view.
It is wielding a club.
The hobgoblin shouts!
Found a stone staircase leading down.
The hobgoblin barely misses you.
You hit the hobgoblin.
The hobgoblin is moderately wounded.
You closely miss the hobgoblin.
The hobgoblin is moderately wounded.
The hobgoblin completely misses you.
You hit the hobgoblin but do no damage.
The hobgoblin is moderately wounded.
The hobgoblin hits you with a club.
You die...

###############
#.............#
#.#####.....#.#########
#.### #.###.#.#>.......
#...###.# #....@g.....#
#.......# ###...#.###.#
#...##### ##### # #..##
... #..# ##.## #..#
#...##...# #..##
#.⌠.##.⌠.# #...# ...
... ### ##.## # #.# #.#
#..


You could see a hobgoblin.

Vanquished Creatures
  A bat (D:1)
  A kobold (D:1)
  2 rats (D:1)
4 creatures vanquished.

Notes
Turn   | Place    | Note
-------+----------+-------------------------------------------
     0 | D:1      | Banto the Demigod Wanderer began the quest for the Orb.
     0 | D:1      | Banto set off with: a phial of floods, the Tome of Dislocation, a potion of curing, a +0 robe, a +0 dagger, a ration
     0 | D:1      | Reached XP level 1. HP: 14/14 MP: 7/7
     0 | D:1      | Identified the Tome of Dislocation
   149 | D:1      | Slain by a hobgoblin

Vault maps used:
D:1:      dpeg_arrival_chambers_temple_mockup

Action                   || total
-------------------------++-------
Melee: Dagger            ||    21
Armor: Robe              ||     2
Dodge: Dodged            ||    11

Table legend:
 A = Spawn XP
 B = Non-spawn XP
 C = Spawn XP percentage of total XP
 D = Spawn monster count
 E = Non-spawn monster count
 F = Spawn count percentage of total count
 G = Total turns spent on level
                    A         B        C        D         E        F      G
               +---------+---------+-------+---------+---------+-------+---------
         Total |       0 |       4 |   0.0 |       0 |       4 |   0.0 |   149
               +---------+---------+-------+---------+---------+-------+---------
           D:1 |       0 |       4 |   0.0 |       0 |       4 |   0.0 |   149
               +---------+---------+-------+---------+---------+-------+---------

Table legend:
 A = Turns spent in this place as a percentage of turns spent in the entire game.
 B = Non-inter-level travel turns spent in this place as a percentage of non-inter-level travel turns spent in the entire game.
 C = Inter-level travel turns spent in this place as a percentage of turns spent in this place.
 D = Turns resting spent in this place as a percentage of non-inter-level travel turns spent in this place.
 E = Turns spent auto-exploring this place as a percentage of non-inter-level travel turns spent in this place.
 F = Non-inter-level travel turns spent in this place divided by the number of levels of this place that you've seen.
                   A       B       C       D       E      F
               +-------+-------+-------+-------+-------+----------------------
         Total | 100.0 | 100.0 |   0.0 |   0.0 |  66.4 | 149.0
       Dungeon | 100.0 | 100.0 |   0.0 |   0.0 |  66.4 | 149.0
               +-------+-------+-------+-------+-------+----------------------

Table legend:
 A = Kills in this place as a percentage of kills in entire the game.
 B = Kills by you in this place as a percentage of kills by you in the entire game.
 C = Kills by friends in this place as a percentage of kills by friends in the entire game.
 D = Other kills in this place as a percentage of other kills in the entire game.
 E = Experience gained in this place as a percentage of experience gained in the entire game.
 F = Experience gained in this place divided by the number of levels of this place that you have seen.
                   A       B       C       D       E      F
               +-------+-------+-------+-------+-------+----------------------
         Total | 100.0 | 100.0 |   N/A |   N/A | 100.0 |   4.0
       Dungeon | 100.0 | 100.0 |   N/A |   N/A | 100.0 |   4.0
               +-------+-------+-------+-------+-------+----------------------
